Map: Ruins of Seras

Players

AcerBly (Bly) - Winner!

  • Race: Zerg Zerg
  • League: Grandmaster

Serral

  • Race: Zerg Zerg
  • League: Grandmaster

Event: NationWars III

VOD

Have the link to the VOD?

Description

Time

  • Played on: Jan. 2, 2016, 3:45 p.m.
  • Length: 12:08

All games in this series

Show
View Real Time Build Order
Export as new Build Order

AcerBly Zerg - Winner!

Build Orders: Hatch First 

Get SALT Encoding   

  12  0:01  Drone  
  13  0:13  Overlord  
  13  0:18  Drone  
  14  0:31  Drone x2  
  16  0:36  Drone  
  17  0:53  Hatchery  
  16  0:58  Drone  
  16  1:00  Drone  
  16  1:02  Extractor  
  17  1:09  Drone  
  18  1:20  Spawning Pool  
  18  1:22  Drone  
  18  1:28  Drone  
  19  1:40  Overlord  
  19  2:06  Metabolic Boost, Queen x2  
  23  2:08  Zergling x4  
  23  2:11  Zergling x2  
  23  2:14  Drone  
  27  2:17  Drone  
  27  2:22  Drone  
  29  2:31  Overlord  
  29  2:32  Drone  
  30  2:37  Baneling Nest  
  30  2:43  Drone  
  30  2:50  Queen  
  32  2:56  Zergling x4  
  34  3:01  Zergling x4  
  36  3:06  Drone  
  37  3:14  Drone x2  
  36  3:22  Drone x3  
  36  3:23  Drone  
  39  3:28  Drone x2  
  41  3:35  Drone x2  
  42  3:43  Lair  
  42  3:45  Extractor  
  41  3:54  Baneling  
  41  3:57  Drone x2  
  43  4:03  Overlord  
  43  4:13  Evolution Chamber  
  43  4:15  Drone  
  43  4:25  Drone x3  
  43  4:26  Drone x3  
  49  4:32  Zergling x6  
  49  4:34  Overlord  
  49  4:35  Baneling  
  49  4:36  Baneling  
  52  4:48  Spire  
  52  4:49  Extractor x2  
  49  4:57  Drone x6  
  55  5:01  Baneling x3  
  55  5:02  Baneling  
  55  5:04  Drone  
  55  5:05  Drone x3  
  59  5:08  Overlord  
  59  5:19  Zergling x2  
  59  5:20  Extractor  
  59  5:22  Overlord x2  
  59  5:33  Zergling x8  
  59  5:34  Zergling x4  
  64  5:40  Hatchery  
  64  5:41  Baneling x2  
  64  5:42  Baneling  
  63  5:45  Overseer  
  63  5:48  Drone  
  63  5:49  Drone, Overlord  
  66  5:58  Hatchery  
  65  6:04  Mutalisk  
  65  6:05  Mutalisk x4  
  65  6:07  Overlord  
  75  6:12  Mutalisk  
  75  6:14  Drone x4  
  79  6:28  Baneling  
  79  6:29  Baneling  
  79  6:35  Mutalisk  
  79  6:36  Mutalisk  
  79  6:37  Drone  
  84  6:42  Drone x3  
  87  6:53  Drone x5  
  84  7:02  Drone x4  
  84  7:05  Infestation Pit  
  84  7:06  Overlord  
  84  7:07  Evolution Chamber  
  85  7:12  Drone x2  
  87  7:16  Extractor  
  86  7:23  Zergling x2  
  86  7:24  Zergling x4  
  86  7:28  Zerg Melee Weapons Level 1  
  89  7:36  Drone  
  89  7:37  Drone x6  
  95  7:39  Extractor  
  95  7:40  Hatchery  
  95  7:44  Hive  
  94  7:48  Overlord  
  94  7:58  Overlord x2  
  94  8:00  Drone x6  
  94  8:01  Drone  
  94  8:02  Drone  
  94  8:03  Overlord  
  94  8:05  Spine Crawler  
  101  8:06  Spine Crawler  
  101  8:09  Spine Crawler  
  99  8:12  Baneling  
  99  8:13  Baneling x3  
  99  8:25  Overlord  
  99  8:30  Zerg Ground Armor Level 1  
  99  8:42  Hatchery  
  95  8:52  Overseer  
  95  8:54  Overseer  
  95  8:56  Adrenal Glands  
  95  8:57  Spine Crawler, Ultralisk Cavern  
  95  8:58  Infestor x3  
  95  8:59  Spine Crawler  
  100  9:02  Drone x2  
  100  9:03  Drone x2  
  100  9:07  Zergling x2  
  100  9:08  Zergling x22  
  114  9:12  Extractor  
  114  9:15  Overlord, Extractor  
  106  9:39  Drone  
  107  9:46  Overseer  
  107  9:50  Ultralisk x6  
  107  9:52  Zergling x14  
  150  9:55  Chitinous Plating, Overlord  
  150  10:04  Overlord  
  146  10:17  Ultralisk x2  
  162  10:28  Ultralisk, Overlord  
  159  10:46  Zergling x10  
  159  10:47  Zergling x28  
  175  11:05  Ultralisk  
  175  11:09  Overlord  
  181  11:21  Baneling  
  181  11:22  Baneling x3  
  180  11:32  Baneling x2  
  174  11:38  Extractor  
  172  11:40  Overseer x3  
  172  11:42  Extractor  
Show
View Real Time Build Order
Export as new Build Order

Serral Zerg 

Build Orders: Pool First, Lurkers 

Get SALT Encoding   

  12  0:01  Drone  
  13  0:12  Overlord  
  13  0:17  Drone  
  14  0:31  Drone  
  14  0:32  Drone  
  14  0:35  Drone  
  17  0:41  Extractor  
  16  0:45  Drone  
  17  0:52  Spawning Pool  
  17  0:56  Drone  
  17  1:06  Drone  
  19  1:18  Drone  
  19  1:26  Hatchery  
  18  1:38  Queen  
  20  1:43  Metabolic Boost  
  20  1:50  Overlord  
  20  2:00  Baneling Nest  
  19  2:02  Drone  
  19  2:05  Zergling x2  
  21  2:09  Zergling x2  
  21  2:13  Zergling x2  
  23  2:22  Queen  
  25  2:26  Zergling x2  
  26  2:38  Zergling x4  
  28  2:48  Drone x3  
  28  2:49  Drone x2  
  33  2:53  Baneling x2  
  33  3:04  Drone  
  33  3:05  Overlord  
  34  3:10  Zergling x2  
  34  3:11  Drone  
  34  3:21  Drone  
  34  3:25  Drone x4  
  36  3:30  Baneling x2  
  36  3:33  Overlord  
  36  3:36  Drone x3  
  38  3:42  Spine Crawler  
  38  3:44  Zergling x2  
  38  3:47  Zergling x2  
  38  3:48  Zergling x2  
  40  3:55  Zergling x6  
  42  3:58  Overlord  
  43  4:06  Baneling  
  43  4:07  Drone x4  
  47  4:11  Evolution Chamber  
  47  4:14  Drone  
  47  4:23  Hatchery  
  46  4:28  Extractor  
  44  4:34  Drone  
  44  4:35  Drone x2  
  44  4:36  Roach Warren  
  44  4:38  Drone  
  47  4:40  Zerg Missile Weapons Level 1  
  47  4:45  Overlord  
  47  4:46  Drone  
  48  4:57  Drone x3  
  51  5:00  Overlord  
  51  5:05  Lair  
  51  5:06  Overlord  
  50  5:10  Queen  
  52  5:18  Roach x3  
  52  5:20  Drone x2  
  60  5:25  Drone x2, Extractor  
  60  5:26  Extractor  
  60  5:29  Drone x2  
  60  5:33  Drone  
  51  5:40  Drone  
  51  5:41  Drone x3  
  55  5:51  Queen  
  56  5:59  Drone x5  
  58  6:09  Spore Crawler  
  58  6:10  Spore Crawler  
  57  6:11  Drone x2  
  57  6:15  Spore Crawler  
  57  6:18  Infestation Pit  
  57  6:25  Drone x4  
  59  6:30  Drone, Spore Crawler  
  59  6:32  Spore Crawler  
  59  6:35  Spore Crawler  
  59  6:39  Roach x2  
  62  6:45  Roach  
  64  6:50  Spore Crawler  
  57  6:55  Hive  
  57  7:01  Drone x2  
  56  7:04  Drone  
  56  7:06  Drone  
  59  7:12  Zerg Missile Weapons Level 2  
  59  7:19  Drone x3  
  62  7:26  Drone  
  62  7:27  Drone x2  
  65  7:35  Drone x3  
  68  7:37  Drone x3  
  71  7:50  Spore Crawler  
  70  7:52  Drone x3  
  70  7:53  Overlord  
  70  7:54  Overlord  
  73  7:58  Overlord  
  73  8:01  Overlord  
  73  8:07  Overseer  
  73  8:11  Queen x2  
  77  8:14  Viper x3  
  77  8:19  Viper  
  89  8:20  Viper  
  89  8:25  Drone  
  89  8:26  Drone x3  
  96  8:32  Drone x2  
  98  8:35  Queen  
  98  8:39  Drone x2  
  97  9:04  Overlord x4  
  97  9:06  Hydralisk Den  
  96  9:15  Extractor  
  96  9:16  Extractor  
  94  9:17  Drone x3  
  97  9:24  Drone x2  
  97  9:25  Drone  
  97  9:31  Drone x6  
  103  9:32  Drone  
  103  9:37  Zerg Ground Armor Level 1  
  107  9:46  Overlord x3  
  107  9:47  Overlord  
  107  9:49  Roach x4  
  115  9:55  Glial Reconstitution  
  115  9:56  Hatchery  
  115  9:57  Roach x3  
  120  10:03  Lurker Den  
  120  10:04  Hydralisk x3  
  120  10:05  Hydralisk x3  
  132  10:12  Queen  
  130  10:17  Zergling x2  
  131  10:21  Hydralisk x3  
  131  10:22  Hydralisk x3  
  131  10:24  Roach  
  145  10:38  Baneling  
  145  10:39  Baneling  
  144  10:50  Burrow  
  144  10:55  Roach x5  
  144  10:56  Roach x4  
  162  10:57  Overlord  
  162  11:01  Hatchery, Overseer x2  
  161  11:04  Overlord  
  161  11:08  Overlord x2  
  161  11:33  Lurker x3  
  161  11:34  Lurker x6  
  161  11:38  Overseer  
  129  11:59  Lurker  
Tags
 
Add a new tag
Caveats
  • Supply blocks, unpowered buildings, or Contaminate may cause inaccurate times.
  • Supply counts are checked every 10 seconds.